 Dungeon Crawl Stone Soup version 0.31-a0-1338-gb567cfdca4 (webtiles) character file.

Game seed: 6755040951476822215

9 Sabo the Trooper (level 2, 24/24 HPs)
             Began as a Demonspawn Monk on Dec 21, 2023.
             Got out of the dungeon alive.
             The game lasted 00:00:57 (237 turns).

Sabo the Trooper (Demonspawn Monk)                   Turns: 237, Time: 00:00:58

Health: 24/24      AC:  2    Str: 11    XL:     2   Next: 3%
Magic:  2/2        EV: 13    Int: 10    God:
Gold:   0          SH:  0    Dex: 15    Spells: 1/1 levels left

rFire   . . .        a - +0 hand axe
rCold   . . .        d - orb {light}
rNeg    . . .        b - +0 robe
rPois   .            (no helmet)
rElec   .            (no cloak)
rCorr   .            (no gloves)
SInv    .            (no boots)
Will    .....        (no amulet)
Stlth   +            (no ring)
HPRegen 0.24/turn    (no ring)
MPRegen 0.16/turn

%: no passive effects
@: glowing
A: magic regeneration
a: no special abilities


You escaped.
You visited 1 branch of the dungeon, and saw 1 of its levels.

Inventory:

Hand Weapons
 a - a +0 hand axe (weapon)
Armour
 b - a +0 robe (worn)
 d - an orb of light (worn)
Scrolls
 f - a scroll of teleportation {unknown}
Potions
 c - a potion of ambrosia
 e - a potion of degeneration {unknown}


   Skills:
 + Level 3.2 Fighting
 + Level 2.9 Axes
 + Level 2.8 Dodging


You had one spell level left.
You didn't know any spells.
Your spell library was empty.

Dungeon Overview and Level Annotations

Branches:
Dungeon (1/15)

Altars:


Innate Abilities, Weirdness & Mutations

You regenerate magic rapidly.


Message History

You see here a giant cockroach corpse.
You start resting.
HP restored.
You see here a giant cockroach corpse.
A ball python comes into view.
The ball python hisses angrily.
The ball python moves out of view.
Found a scroll labelled TOTAOH VUOLUFY.
A kobold comes into view. It is wielding a +0 club.
The kobold shouts!
The ball python closely misses you. The ball python misses you.
You hit the ball python.
The ball python is moderately wounded.
The ball python bites you but does no damage.
The ball python completely misses you. The ball python bites you.
The ball python grabs you. The ball python constricts you.
You barely miss the ball python.
The ball python is moderately wounded.
You hit the kobold. The ball python bites you. The ball python constricts you.
The kobold barely misses you.
You hit the ball python.
The ball python is severely wounded.
You hit the kobold but do no damage. The ball python misses you.
The ball python constricts you. The kobold hits you with a +0 club.
You hit the ball python.
You kill the ball python!
You hit the kobold but do no damage. The kobold closely misses you.
You have reached level 2!
Your demonic ancestry asserts itself...
Your magic begins to regenerate rapidly.
You hit the kobold.
You kill the kobold!
Things that are here:
a +0 club; a kobold corpse You start resting.
HP restored.
You see here a ball python corpse.
There is an open door here.
There is a staircase leading out of the dungeon here.
You have escaped!

#########
#@.......
#'#######
#........
#.################
#.................
##################


There were no monsters in sight!

Vanquished Creatures
  2 endoplasms (D:1)
  A giant cockroach (D:1)
  A quokka (D:1)
  2 ball pythons (D:1)
  A frilled lizard (D:1)
  A kobold (D:1)
8 creatures vanquished.

Notes
Turn   | Place    | Note
-------+----------+-------------------------------------------
     0 | D:1      | Sabo the Demonspawn Monk began the quest for the Orb.
     0 | D:1      | Reached XP level 1. HP: 18/18 MP: 1/1
   124 | D:1      | Gained mutation: You regenerate magic rapidly. [demonic
                  | ancestry]
   124 | D:1      | Reached XP level 2. HP: 14/24 MP: 2/2
   237 | D:$      | Got out of the dungeon alive.

Illustrated notes

Levels and vault maps discovered:
D:1:      wheals_arrival_linesprint, layout_loops_cross

Action                     || total
---------------------------++-------
  Melee: Hand axe          ||    27
 Armour: Robe              ||    12
  Dodge: Dodged            ||    26

Table legend: (Time is in decaauts)
 A = Elapsed time spent in this place.
 B = Non-inter-level travel time spent in this place.
 C = Inter-level travel time spent in this place.
 D = Time resting spent in this place.
 E = Time spent auto-exploring this place.
 F = Levels seen in this place.
 G = Mean time per level.
                   A        B        C        D        E       F      G
               +--------+--------+--------+--------+--------+-----+--------+
         Total |    241 |    241 |      0 |     44 |      0 |   1 |  241.0 |
       Dungeon |    241 |    241 |      0 |     44 |      0 |   1 |  241.0 |
               +--------+--------+--------+--------+--------+-----+--------+

Top non-repeatable levels by time:
     D:1: 241 daAuts
